 Dungeon Sprint DCSS version 0.19.0-9-gfd783f2 (webtiles) character file.

346 LORDOFBUTT the Covert (level 6, -12/28 HPs)
             Began as a Spriggan Enchanter on Nov 7, 2016.
             Was an Initiate of Gozag.
             Mangled by a hill giant
             ... wielding a +0 giant spiked club
              (32 damage)
             ... in the Dungeon (Sprint IX: "|||||||||||||||||||||||||||||").
             The game lasted 00:01:35 (423 turns).

LORDOFBUTT the Covert (Spriggan Enchanter)           Turns: 423, Time: 00:01:35

Health: -12/28     AC:  4    Str:  6    XL:     6   Next: 32%
Magic:  13/18      EV: 20    Int: 19    God:    Gozag
Gold:   0          SH:  0    Dex: 17    Spells: 2 memorised, 19 levels left

rFire  . . .     SeeInvis +     r - +2 rapier (elec)
rCold  . . .     Gourm    .     b - +1 robe
rNeg   . . .     Faith    .     (shield restricted)
rPois  .         Spirit   .     (helmet restricted)
rElec  .         Reflect  .     o - +0 cloak
rCorr  .         Harm     .     (gloves unavailable)
MR     +....     NoTele   +     (boots unavailable)
Stlth  +++++.....               (no amulet)
                                q - +3 ring of intelligence
                                p - +2 ring of evasion

@: very quick
A: unfitting armour, see invisible, herbivore 3, speed 3, slow metabolism 2
a: Potion Petition, Call Merchant, Bribe Branch, Renounce Religion


You were in the Dungeon.
You worshipped Gozag.
Gozag was noncommittal.
You were not hungry.

You visited 1 branch

Inventory:

Hand Weapons
 r - a +2 rapier of electrocution (weapon)
Armour
 b - a +1 robe (worn)
 o - a +0 cloak (worn)
Jewellery
 p - a +2 ring of evasion (left hand)
 q - a +3 ring of intelligence (right hand)
Wands
 n - a wand of acid (7/15)
Scrolls
 j - 2 scrolls of blinking
 l - 3 scrolls of remove curse
 m - 2 scrolls of amnesia
Potions
 e - 5 potions of curing
 f - a potion of invisibility
 g - a potion of haste
 h - 4 potions of magic
 i - 2 potions of heal wounds
Books
 c - a book of Maledictions

   Spells                             Type                      Level
   a - Corona                         Hexes                        1
   b - Ensorcelled Hibernation        Hexes/Ice                    2
   c - Confuse                        Hexes                        3
   d - Tukima's Dance                 Hexes                        3
   e - Dazzling Spray                 Conjuration/Hexes            3
Comestibles
 d - a bread ration


   Skills:
 + Level 5.4 Short Blades
 - Level 3.3 Dodging
 * Level 11.9 Stealth
 * Level 8.8 Spellcasting
 * Level 9.5 Hexes


You had 19 spell levels left.
You knew the following spells:

 Your Spells              Type           Power        Failure   Level  Hunger
a - Corona                Hex            #####..      1%          1    None
b - Ensorcelled Hibernat  Hex/Ice        ####..       1%          2    None


Dungeon Overview and Level Annotations

Branches:
Dungeon (1/1)

Altars:
Cheibriados
Dithmenos
Elyvilon
Fedhas
Gozag
Hepliaklqana
Kikubaaqudgha
Makhleb
Nemelex Xobeh
Okawaru
Qazlal
Ru
Sif Muna
Trog
Uskayaw
Vehumet
Xom
Yredelemnul
Zin
The Shining One
Beogh
Jiyva
Lugonu


Innate Abilities, Weirdness & Mutations

You are very small and have problems with some larger weapons.
You are too small for most types of armour.
You have supernaturally acute eyesight. (SInv)
You are a herbivore.
You cover ground extremely quickly.
You need consume almost no food.


Message History

There is an open door here.
You close the door.
You open the door.
Cast which spell? (? or * to list)
Aiming: Ensorcelled Hibernation
Press: ? - help, Shift-Dir - straight line, f - hill giant
Aim: a hill giant, wielding a giant spiked club (chance to defeat MR: 37%)
Okay, then.
Casting: Ensorcelled Hibernation
Confirm with . or Enter, or press ? or * to list all spells.
Aiming: Ensorcelled Hibernation
Press: ? - help, Shift-Dir - straight line, f - hill giant
Aim: a hill giant, wielding a giant spiked club (chance to defeat MR: 37%)
The hill giant looks drowsy...
There is an open door here.
The hill giant shouts!
The hill giant hits you with a giant spiked club!!
Ouch! That really hurt!
You die...
Your body crumbles into a pile of gold.

▓'▓
$
▓y▓
▓S▓
$
▓[▓
▓[▓
$
▓.▓
▓)▓
$
▓C▓
$
▓@▓
$
▓.▓
$
▓'▓
$
▓.▓
▓_▓
$
▓_▓
$
▓_▓
$
▓_▓
$
▓_▓
$


You could see a hill giant, a killer bee and an adder (wandering).

Vanquished Creatures
  A hippogriff (D)
  An ogre (D)
  A wight (D)
  A crimson imp (D)
  A worm (D)
  A bat skeleton (D)
  A giant cockroach (D)
  2 hobgoblins (D)
  2 kobolds (D)
  A frilled lizard (D)
12 creatures vanquished.

Notes
Turn   | Place    | Note
-------+----------+-------------------------------------------
     0 | D        | LORDOFBUTT the Spriggan Enchanter began the quest for the Orb.
     0 | D        | Reached XP level 1. HP: 9/9 MP: 5/5
    17 | D        | Reached skill level 5 in Stealth
   238 | D        | Noticed a crimson imp
   238 | D        | Noticed an ogre
   267 | D        | Killed an ogre
   267 | D        | Reached skill level 8 in Stealth
   267 | D        | Reached skill level 5 in Spellcasting
   267 | D        | Reached XP level 2. HP: 2/13 MP: 5/9
   267 | D        | Reached XP level 3. HP: 3/16 MP: 6/11
   267 | D        | Reached XP level 4. HP: 4/21 MP: 6/12
   273 | D        | Reached skill level 9 in Stealth
   328 | D        | Learned a level 2 spell: Ensorcelled Hibernation
   329 | D        | Found a roughly hewn altar of Beogh.
   329 | D        | Found a snail-covered altar of Cheibriados.
   329 | D        | Found a shadowy altar of Dithmenos.
   329 | D        | Found a white marble altar of Elyvilon.
   329 | D        | Found a blossoming altar of Fedhas.
   329 | D        | Found an opulent altar of Gozag.
   330 | D        | Found a hazy altar of Hepliaklqana.
   331 | D        | Found a viscous altar of Jiyva.
   332 | D        | Found an ancient bone altar of Kikubaaqudgha.
   333 | D        | Found a corrupted altar of Lugonu.
   334 | D        | Found a burning altar of Makhleb.
   335 | D        | Found a sparkling altar of Nemelex Xobeh.
   336 | D        | Found an iron altar of Okawaru.
   337 | D        | Found a stormy altar of Qazlal.
   339 | D        | Became a worshipper of Gozag Ym Sagoz the Greedy
   341 | D        | Found a sacrificial altar of Ru.
   342 | D        | Found a deep blue altar of Sif Muna.
   343 | D        | Found a bloodstained altar of Trog.
   344 | D        | Found a hide-covered altar of Uskayaw.
   345 | D        | Found a radiant altar of Vehumet.
   346 | D        | Found a shimmering altar of Xom.
   347 | D        | Found a basalt altar of Yredelemnul.
   348 | D        | Found a glowing silver altar of Zin.
   349 | D        | Found a glowing golden altar of the Shining One.
   398 | D        | Noticed a hill giant
   398 | D        | Noticed a hippogriff
   402 | D        | Reached skill level 10 in Stealth
   402 | D        | Reached XP level 5. HP: 24/24 MP: 13/15
   406 | D        | Killed a hippogriff
   406 | D        | Reached skill level 5 in Short Blades
   406 | D        | Reached skill level 11 in Stealth
   406 | D        | Reached XP level 6. HP: 19/28 MP: 13/18
   423 | D        | Mangled by a hill giant

Skill      XL: |  1  2  3  4  5 |
---------------+----------------+-----
Hexes          | 6 7 9 |  9.5
Stealth        | 8 10 11 | 11.9
Spellcasting   | 5 7 8 |  8.8
Short Blades   | 3 4 5 |  5.4
Dodging        | |  3.3

Action                   |  1- 3 |  4- 6 || total
-------------------------+-------+-------++-------
Melee: Short sword       |    50 |    21 ||    71
       Dagger            |     6 |       ||     6
       Rapier            |       |     7 ||     7
 Cast: Ensorcelled Hiber |       |     1 ||     1
  Use: Potion            |       |     2 ||     2
Armor: Robe              |     6 |    11 ||    17
Dodge: Dodged            |    36 |    19 ||    55
